TOP OF THE 1ST |
South Bend Cubs batting - Pitching for Atlanta (MID) Braves : RHP Gabe Fillmore
|
Pitching: RHP Gabe Fillmore
|
|
Batting: RHB Dan Orozco
|
0-0: Ball 1-0: Ground out 6-3 (Groundball, 56, EV 92.5 MPH)
|
Batting: RHB Adrian Cox
|
0-0: Ball 1-0: Ground out 5-3 (Groundball, 56, EV 102.5 MPH)
|
Batting: RHB Erik Smith
|
0-0: Called Strike 0-1: Ball 1-1: Ball 2-1: Ball 3-1: Foul Ball, location: 2F 3-2: Ground out 6-3 (Groundball, 56, EV 96.2 MPH)
|
Top of the 1st over - 0 runs, 0 hits, 0 errors, 0 left on base; South Bend 0 - Atlanta (MID) 0 |
BOTTOM OF THE 1ST |
Atlanta (MID) Braves batting - Pitching for South Bend Cubs : RHP Scott Hanson
|
Pitching: RHP Scott Hanson
|
|
Batting: LHB Eric Jackson
|
0-0: Ball 1-0: Ball 2-0: Foul Ball, location: 2F 2-1: Ball 3-1: Foul Ball, location: 2F 3-2: Fly out, F7 (Flyball, 7D, EV 78.8 MPH)
|
Batting: RHB Nick Holsinger
|
0-0: Ball 1-0: Foul Ball, location: 2F 1-1: Ball 2-1: Ball 3-1: Base on Balls
|
Batting: LHB Tamaichi Sasada
|
0-0: Ball 1-0: Foul Ball, location: 2F 1-1: Swinging Strike 1-2: Ball 2-2: Strikes out swinging
|
Batting: LHB Luis Cruz
|
0-0: Called Strike 0-1: Ground out U3 (Groundball, 3L, EV 81.2 MPH)
|
Bottom of the 1st over - 0 runs, 0 hits, 0 errors, 1 left on base; South Bend 0 - Atlanta (MID) 0 |
TOP OF THE 2ND |
South Bend Cubs batting - Pitching for Atlanta (MID) Braves : RHP Gabe Fillmore
|
Batting: RHB David Bousfield
|
0-0: SINGLE (Flyball, 8LS, EV 91.9 MPH)
|
Batting: RHB Mike Stein
|
0-0: Ball 1-0: Swinging Strike 1-1: Foul Ball, location: 2F 1-2: Ball 2-2: Fielders Choice at 2nd, 2-4 (Groundball, 15S, EV 70.0 MPH)
|
Batting: RHB Mike Hill
|
0-0: Foul Ball, location: 2F 0-1: Called Strike 0-2: Ball 1-2: Ball 2-2: Foul Ball, location: 2F 2-2: SINGLE (Groundball, 6MD, EV 93.8 MPH) Mike Stein to second Runner from 2nd tries for 3rd, SAFE, throw by CF made to third
|
Batting: RHB Victor Ramirez
|
0-0: Called Strike 0-1: Ball 1-1: Called Strike 1-2: Strikes out swinging
|
Batting: RHB Ryan Bush
|
0-0: Swinging Strike 0-1: Ball 1-1: Foul Ball, location: 2F 1-2: Strikes out swinging
|
Top of the 2nd over - 0 runs, 2 hits, 0 errors, 2 left on base; South Bend 0 - Atlanta (MID) 0 |
BOTTOM OF THE 2ND |
Atlanta (MID) Braves batting - Pitching for South Bend Cubs : RHP Scott Hanson
|
Batting: RHB Josh McCormick
|
0-0: Ball 1-0: SINGLE (Groundball, 4, EV 97.5 MPH)
|
Batting: RHB Elias Vences
|
0-0: Ball 1-0: Swinging Strike 1-1: Ball 2-1: Called Strike 2-2: Fielders Choice at 2nd, 4-6 (Groundball, 34, EV 103.8 MPH)
|
Pitching: RHP Melvin Orengo
|
|
Batting: RHB Terry Hughes
|
0-0: Called Strike Elias Vences is caught stealing 2nd base 2-4 0-1: Foul Ball, location: 2F 0-2: Ball 1-2: Strikes out swinging
|
Bottom of the 2nd over - 0 runs, 1 hit, 0 errors, 0 left on base; South Bend 0 - Atlanta (MID) 0 |
TOP OF THE 3RD |
South Bend Cubs batting - Pitching for Atlanta (MID) Braves : RHP Gabe Fillmore
|
Batting: RHB Gilberto Alvarado
|
0-0: Called Strike 0-1: Foul Ball, location: 2F 0-2: Ball 1-2: Ball 2-2: Ground out 4-3 (Groundball, 34, EV 81.9 MPH)
|
Batting: RHB Dan Orozco
|
0-0: Ball 1-0: Ground out 4-3 (Groundball, 4S, EV 68.1 MPH)
|
Batting: RHB Adrian Cox
|
0-0: Ball 1-0: Called Strike 1-1: Ground out 5-3 (Groundball, 5, EV 106.2 MPH)
|
Top of the 3rd over - 0 runs, 0 hits, 0 errors, 0 left on base; South Bend 0 - Atlanta (MID) 0 |
BOTTOM OF THE 3RD |
Atlanta (MID) Braves batting - Pitching for South Bend Cubs : RHP Melvin Orengo
|
Batting: RHB George Provance
|
0-0: Called Strike 0-1: SINGLE (Flyball, 3D, EV 83.8 MPH)
|
Batting: RHB Gabe Allen
|
0-0: Called Strike 0-1: Called Strike 0-2: Fielders Choice at 2nd, 5-4 (Groundball, 56S, EV 84.4 MPH)
|
Batting: LHB Eric Jackson
|
0-0: Called Strike 0-1: Ball 1-1: Swinging Strike 1-2: Strikes out swinging
|
Batting: RHB Nick Holsinger
|
0-0: Reached on error, E5 (Groundball, 56, EV 101.9 MPH) Gabe Allen to second
|
Batting: LHB Tamaichi Sasada
|
0-0: Ball 1-0: Swinging Strike 1-1: Ball 2-1: Fly out, F8 (Line Drive, 8RM, EV 95.0 MPH)
|
Bottom of the 3rd over - 0 runs, 1 hit, 1 error, 2 left on base; South Bend 0 - Atlanta (MID) 0 |
TOP OF THE 4TH |
South Bend Cubs batting - Pitching for Atlanta (MID) Braves : RHP Gabe Fillmore
|
Batting: RHB Erik Smith
|
0-0: Called Strike 0-1: Ball 1-1: Foul Ball, location: 2F 1-2: Ball 2-2: Strikes out swinging
|
Batting: RHB David Bousfield
|
0-0: SINGLE (Groundball, 5L, EV 95.6 MPH) (infield hit)
|
Batting: RHB Mike Stein
|
0-0: Ball 1-0: Ball 2-0: Ball 3-0: Reached on error, E4 (Groundball, 4, EV 88.1 MPH) David Bousfield to second
|
Batting: RHB Mike Hill
|
0-0: Ball 1-0: Called Strike 1-1: Fly out, F8 (Flyball, 89D, EV 104.4 MPH)
|
Batting: RHB Victor Ramirez
|
0-0: SINGLE (Line Drive, 89S, EV 86.9 MPH) David Bousfield to third Mike Stein to second
|
Batting: RHB Ryan Bush
|
0-0: Called Strike 0-1: Called Strike 0-2: Foul Ball, location: 2F 0-2: Foul Ball, location: 2F 0-2: Strikes out swinging
|
Top of the 4th over - 0 runs, 2 hits, 1 error, 3 left on base; South Bend 0 - Atlanta (MID) 0 |
BOTTOM OF THE 4TH |
Atlanta (MID) Braves batting - Pitching for South Bend Cubs : RHP Melvin Orengo
|
Pitching: LHP Dusty Blubaugh
|
|
Pinch Hitting: RHB Mike Bergin
|
0-0: Ball 1-0: Called Strike 1-1: Ball 2-1: SOLO HOME RUN (Flyball, 7D, EV 98.8 MPH), Distance : 375 ft
|
Batting: RHB Josh McCormick
|
0-0: Fly out, F9 (Flyball, 9D, EV 85.0 MPH)
|
Batting: RHB Elias Vences
|
0-0: Hit by Pitch
|
Batting: RHB Terry Hughes
|
0-0: Ball Elias Vences is caught stealing 2nd base 2-4 1-0: Ball 2-0: Fly out, F2 (Popup, 23F, EV 85.0 MPH)
|
Bottom of the 4th over - 1 run, 1 hit, 0 errors, 0 left on base; South Bend 0 - Atlanta (MID) 1 |
TOP OF THE 5TH |
South Bend Cubs batting - Pitching for Atlanta (MID) Braves : RHP Gabe Fillmore
|
Now in RF: Adonis Jenifer
|
|
Batting: RHB Gilberto Alvarado
|
0-0: SINGLE (Groundball, 34S, EV 67.5 MPH) (infield hit)
|
Batting: RHB Dan Orozco
|
0-0: Grounds into double play, 4-6-3 (Groundball, 4, EV 85.0 MPH)
|
Batting: RHB Adrian Cox
|
0-0: Ball 1-0: SINGLE (Line Drive, 89S, EV 109.4 MPH)
|
Batting: RHB Erik Smith
|
0-0: Ball 1-0: Ball 2-0: Fielders Choice at 2nd, 6-4 (Groundball, 6, EV 81.9 MPH)
|
Top of the 5th over - 0 runs, 2 hits, 0 errors, 1 left on base; South Bend 0 - Atlanta (MID) 1 |
BOTTOM OF THE 5TH |
Atlanta (MID) Braves batting - Pitching for South Bend Cubs : LHP Dusty Blubaugh
|
Batting: RHB George Provance
|
0-0: Ball 1-0: Ball 2-0: Ball 3-0: Called Strike 3-1: Ball
|
Batting: RHB Gabe Allen
|
0-0: Foul Ball, location: 2F 0-1: Ball 1-1: Ball 2-1: Grounds into double play, 5-4-3 (Groundball, 5, EV 80.6 MPH)
|
Pitching: RHP Steve Vint
|
|
Batting: LHB Eric Jackson
|
0-0: Foul Ball, location: 2F 0-1: Ball 1-1: Ball 2-1: SINGLE (Groundball, 56S, EV 64.4 MPH) (infield hit)
|
Batting: RHB Nick Holsinger
|
0-0: Ball 1-0: SINGLE (Line Drive, 9S, EV 110.0 MPH) Eric Jackson to second Runner from 2nd tries for 3rd, SAFE, throw by RF made to third
|
Batting: LHB Tamaichi Sasada
|
0-0: Foul Ball, location: 2F 0-1: Called Strike 0-2: Ball 1-2: Strikes out swinging
|
Bottom of the 5th over - 0 runs, 2 hits, 0 errors, 2 left on base; South Bend 0 - Atlanta (MID) 1 |
TOP OF THE 6TH |
South Bend Cubs batting - Pitching for Atlanta (MID) Braves : RHP Gabe Fillmore
|
Batting: RHB David Bousfield
|
0-0: Ball 1-0: Ball 2-0: Ball 3-0: Base on Balls
|
Batting: RHB Mike Stein
|
0-0: Swinging Strike 0-1: Ball 1-1: Foul Ball, location: 2F 1-2: Foul Ball, location: 2F 1-2: Strikes out swinging
|
Batting: RHB Mike Hill
|
0-0: Swinging Strike 0-1: Swinging Strike 0-2: Strikes out looking
|
Batting: RHB Victor Ramirez
|
0-0: Called Strike David Bousfield is caught stealing 2nd base 2-4
|
Top of the 6th over - 0 runs, 0 hits, 0 errors, 0 left on base; South Bend 0 - Atlanta (MID) 1 |
BOTTOM OF THE 6TH |
Atlanta (MID) Braves batting - Pitching for South Bend Cubs : RHP Steve Vint
|
Batting: RHB Adonis Jenifer
|
0-0: Foul Ball, location: 2F 0-1: SOLO HOME RUN (Flyball, 9LD, EV 90.0 MPH), Distance : 329 ft
|
Batting: RHB Josh McCormick
|
0-0: Ball 1-0: Swinging Strike 1-1: Fly out, F8 (Flyball, 8RD, EV 91.9 MPH)
|
Batting: RHB Elias Vences
|
0-0: Ball 1-0: Ball 2-0: Ball 3-0: Base on Balls
|
Pitching: LHP Mike Anderson
|
|
Batting: RHB Terry Hughes
|
0-0: Ball 1-0: Foul Ball, location: 2F 1-1: Called Strike 1-2: Fielders Choice at 2nd, 6-4 (Groundball, 6, EV 82.5 MPH)
|
Batting: RHB George Provance
|
0-0: Called Strike 0-1: Ball 1-1: Called Strike 1-2: Ball 2-2: SINGLE (Line Drive, 6D, EV 96.2 MPH) Terry Hughes to second
|
Batting: RHB Gabe Allen
|
0-0: Called Strike 0-1: Called Strike 0-2: Ball 1-2: Foul Ball, location: 2F 1-2: Ball 2-2: Ball 3-2: Strikes out looking
|
Bottom of the 6th over - 1 run, 2 hits, 0 errors, 2 left on base; South Bend 0 - Atlanta (MID) 2 |
TOP OF THE 7TH |
South Bend Cubs batting - Pitching for Atlanta (MID) Braves : RHP Gabe Fillmore
|
Batting: RHB Victor Ramirez
|
0-0: Called Strike 0-1: Ball 1-1: Ball 2-1: Foul Ball, location: 2F 2-2: Foul Ball, location: 2F 2-2: Strikes out swinging
|
Batting: RHB Ryan Bush
|
0-0: Foul Ball, location: 2F 0-1: Called Strike 0-2: Strikes out swinging
|
Batting: RHB Gilberto Alvarado
|
0-0: Called Strike 0-1: Ground out U3 (Groundball, 3, EV 100.0 MPH)
|
Top of the 7th over - 0 runs, 0 hits, 0 errors, 0 left on base; South Bend 0 - Atlanta (MID) 2 |
BOTTOM OF THE 7TH |
Atlanta (MID) Braves batting - Pitching for South Bend Cubs : LHP Mike Anderson
|
Pitching: RHP Andrew Dopp
|
|
Batting: LHB Eric Jackson
|
0-0: Fly out, F8 (Flyball, 8RM, EV 83.1 MPH)
|
Batting: RHB Nick Holsinger
|
0-0: Ball 1-0: SINGLE (Groundball, 5L, EV 102.5 MPH)
|
Batting: LHB Tamaichi Sasada
|
0-0: Ball 1-0: DOUBLE (Line Drive, 9LM, EV 108.1 MPH) Nick Holsinger to third Runner from 3rd tries for Home, SAFE, throw by RF to trailing runner, SAFE at third!
|
Batting: RHB Adonis Jenifer
|
0-0: Ball 1-0: Foul Ball, location: 2F 1-1: Ball 2-1: SINGLE (Groundball, 4D, EV 101.9 MPH) Tamaichi Sasada scores
|
Batting: RHB Josh McCormick
|
0-0: Ball 1-0: Ball 2-0: Ball 3-0: Base on Balls Adonis Jenifer to second
|
Batting: RHB Elias Vences
|
0-0: Foul Ball, location: 9LSF, Error on foul ball, E9 0-1: Ball 1-1: Ball 2-1: Ball 3-1: SINGLE (Line Drive, 8RS, EV 97.5 MPH) Adonis Jenifer to third Josh McCormick to second
|
Pitching: RHP Angel Pesina
|
|
Batting: RHB Terry Hughes
|
0-0: Called Strike 0-1: Ball 1-1: Ball 2-1: Swinging Strike 2-2: DOUBLE (Flyball, 78XD, EV 115.6 MPH) Adonis Jenifer scores Josh McCormick scores Elias Vences to third
|
Batting: RHB George Provance
|
0-0: Ball 1-0: Ball 2-0: Called Strike 2-1: Foul Ball, location: 2F 2-2: Ball Wild Pitch! Elias Vences scores Terry Hughes to third 3-2: Base on Balls
|
Batting: RHB Gabe Allen
|
0-0: Ball George Provance steals 2nd base 1-0: Called Strike 1-1: Called Strike 1-2: Ball 2-2: SINGLE (Flyball, 89S, EV 86.9 MPH) Terry Hughes scores George Provance to third Runner from 3rd tries for Home, throw by CF and OUT! 8-2
|
Batting: LHB Eric Jackson
|
0-0: Swinging Strike 0-1: Ball 1-1: Ball 2-1: Swinging Strike Pickoff Throw by Catcher to First - Out!
|
Bottom of the 7th over - 6 runs, 6 hits, 1 error, 0 left on base; South Bend 0 - Atlanta (MID) 8 |
TOP OF THE 8TH |
South Bend Cubs batting - Pitching for Atlanta (MID) Braves : RHP Gabe Fillmore
|
Batting: RHB Dan Orozco
|
0-0: Ball 1-0: Foul Ball, location: 2F 1-1: Ball 2-1: Foul Ball, location: 2F 2-2: SINGLE (Groundball, 34S, EV 70.0 MPH) (infield hit)
|
Batting: RHB Adrian Cox
|
0-0: Called Strike 0-1: Ball 1-1: Called Strike 1-2: Strikes out swinging
|
Batting: RHB Erik Smith
|
0-0: Called Strike 0-1: Ball 1-1: Fly out, F3 (Popup, 23F, EV 89.4 MPH)
|
Batting: RHB David Bousfield
|
0-0: Called Strike 0-1: Ball 1-1: Called Strike 1-2: Ball 2-2: Ball 3-2: Strikes out swinging
|
Top of the 8th over - 0 runs, 1 hit, 0 errors, 1 left on base; South Bend 0 - Atlanta (MID) 8 |
BOTTOM OF THE 8TH |
Atlanta (MID) Braves batting - Pitching for South Bend Cubs : RHP Angel Pesina
|
Batting: LHB Eric Jackson
|
0-0: Ground out 6-3 (Groundball, 6M, EV 104.4 MPH)
|
Batting: RHB Nick Holsinger
|
0-0: Called Strike 0-1: Ball 1-1: SINGLE (Line Drive, 7S, EV 100.0 MPH)
|
Batting: LHB Tamaichi Sasada
|
0-0: Called Strike 0-1: Ball 1-1: Ball 2-1: Ball 3-1: Swinging Strike 3-2: Strikes out swinging
|
Batting: RHB Adonis Jenifer
|
0-0: DOUBLE (Groundball, 3L, EV 98.1 MPH) Nick Holsinger to third Runner from 3rd tries for Home, SAFE, throw by RF to trailing runner, SAFE at third!
|
Batting: RHB Josh McCormick
|
0-0: Ball 1-0: Ball 2-0: Foul Ball, location: 2F 2-1: Ball 3-1: Base on Balls
|
Batting: RHB Elias Vences
|
0-0: Foul Ball, location: 2F 0-1: Ball 1-1: Foul Ball, location: 2F 1-2: Foul Ball, location: 2F 1-2: Ball 2-2: Foul Ball, location: 2F 2-2: Hit by Pitch Josh McCormick to second
|
Batting: RHB Terry Hughes
|
0-0: Called Strike 0-1: Foul Ball, location: 2F 0-2: SINGLE (Flyball, 56D, EV 86.9 MPH) Adonis Jenifer scores Josh McCormick to third Elias Vences to second Runner from 3rd tries for Home, throw by LF and OUT! 7-2
|
Bottom of the 8th over - 2 runs, 3 hits, 0 errors, 2 left on base; South Bend 0 - Atlanta (MID) 10 |
TOP OF THE 9TH |
South Bend Cubs batting - Pitching for Atlanta (MID) Braves : RHP Gabe Fillmore
|
Pitching: RHP Dan Spahn
|
|
Batting: RHB Mike Stein
|
0-0: Foul Ball, location: 2F 0-1: Ball 1-1: Swinging Strike 1-2: Ball 2-2: Foul Ball, location: 2F 2-2: Strikes out swinging
|
Batting: RHB Mike Hill
|
0-0: Ball 1-0: Foul Ball, location: 2F 1-1: SINGLE (Groundball, 56D, EV 102.5 MPH)
|
Batting: RHB Victor Ramirez
|
0-0: Called Strike 0-1: Ball 1-1: Called Strike 1-2: Fielders Choice at 2nd, 5-4 (Groundball, 5L, EV 80.6 MPH)
|
Batting: RHB Ryan Bush
|
0-0: Called Strike 0-1: Foul Ball, location: 2F 0-2: Strikes out swinging
|
Top of the 9th over - 0 runs, 1 hit, 0 errors, 1 left on base; South Bend 0 - Atlanta (MID) 10 |
|